 Dungeon Crawl Stone Soup version 0.27.1-1-g398f81649c (webtiles) character file.

Game seed: 1694848261566527941

419 speeev33 the Skirmisher (level 6, 0/56 HPs)
             Began as a Hill Orc Fighter on Sept 13, 2021.
             Killed by divine providence
             ... invoked by an orc priest
              (16 damage)
             ... on level 5 of the Dungeon.
             The game lasted 00:06:15 (4068 turns).

speeev33 the Skirmisher (Hill Orc Fighter)          Turns: 4068, Time: 00:06:16

Health: 0/56       AC: 17    Str: 21    XL:     6   Next: 93%
Magic:  6/6        EV:  8    Int:  8    God:
Gold:   188        SH: 10    Dex: 10    Spells: 5/5 levels left

rFire    . . .     SeeInvis .   a - +1 war axe
rCold    . . .     Faith    .   c - +0 kite shield
rNeg     . . .     Spirit   .   w - +0 plate armour
rPois    .         Reflect  .   (no helmet)
rElec    .         Harm     .   (no cloak)
rCorr    .         Rampage  .   m - +0 pair of gloves
Will     .....                  (no boots)
Stlth    ..........             (no amulet)
HPRegen  0.18/turn              s - +4 ring of evasion
MPRegen  0.10/turn              k - +4 ring of protection

@: no status effects
A: no striking features
a: Convert to Beogh


You were on level 5 of the Dungeon.
You visited 1 branch of the dungeon, and saw 5 of its levels.

You collected 188 gold pieces.

Inventory:

Hand Weapons
 a - a +1 war axe (weapon)
 i - a +0 flail of venom
 l - a +2 whip of flaming
 p - a +0 flail
Armour
 c - a +0 kite shield (worn)
 m - a +0 pair of gloves (worn)
 w - a +0 plate armour (worn)
Jewellery
 j - a ring of resist corrosion
 k - a +4 ring of protection (right hand)
 s - a +4 ring of evasion (left hand)
Wands
 n - a wand of acid (7)
Scrolls
 h - a scroll of fear
 r - a scroll of enchant weapon
 t - a scroll of teleportation
 u - a scroll of summoning
 v - a scroll of acquirement
Potions
 f - a potion of mutation
 g - a potion of heal wounds
 o - 2 potions of brilliance
 q - a potion of degeneration


   Skills:
 + Level 5.5 Fighting
 + Level 5.1 Axes
 + Level 5.0 Armour
 + Level 5.0 Shields


You had 5 spell levels left.
You didn't know any spells.
Your spell library contained the following spells:

 Spells                   Type           Power      Damage    Failure   Level
 Airstrike                Air            0%         N/A       100%        4
 Summon Lightning Spire   Summ/Air       0%         N/A       100%        4
 Lightning Bolt           Conj/Air       0%         1d11      100%        5


Dungeon Overview and Level Annotations

Branches:
Dungeon (5/15)
 Temple: D:4-7

Altars:
Gozag
Vehumet

Shops:
D:1 (   D:4 *


Message History

Your plate armour prevents you from hitting the orc wizard.
You closely miss the orc priest.
Your plate armour prevents you from hitting the ogre.
You block the ogre's attack. You block the orc priest's attack.
The orc hits you but does no damage. The orc wizard closely misses you.
The ogre hits you but does no damage.
You hit the orc.
You kill the orc!
You hit the orc wizard. You barely miss the orc priest. You hit the ogre.
The orc priest looks encouraged for a moment.
The orc wizard casts a spell at you.
You are confused.
The orc priest hits you but does no damage.
The ogre hits you with a +0 giant club!
You feel very mighty all of a sudden. The orc hits you with a +0 whip.
The orc wizard hits you but does no damage.
The orc priest calls upon Beogh to heal the orc wizard.
The orc wizard's wounds heal themselves!
The ogre hits you with a +0 giant club! The orc hits you but does no damage.
You're too confused to move!
The orc wizard hits you but does no damage.
The ogre hits you but does no damage.
You bump into the rock wall.
You feel less confused.
The orc wizard points at you and mumbles some strange words.
You are confused.
The orc hits you but does no damage.
The orc priest hits you but does no damage.
The ogre hits you but does no damage.
You are too confused!
Your magical effects are unravelling.
You feel magically purged.
You feel less confused.
You feel a little less mighty now.
The orc wizard hits you but does no damage.
The orc hits you with a +0 whip.
* * * LOW HITPOINT WARNING * * *
The orc priest calls down the wrath of Beogh upon you.
Beogh smites you!
You die...

......... .# ......... ..####
.......##.....##
...............
#............# ##...........#
. #.....#.....## ..[
#o@#......##
.....#oOo...)...#
......)......#.#
.......$.....## ###
..............####.###
.#.......##....##....#
#........#.....#....## .>.
............#...........#
...##..#....................#


You could see an ogre, an orc priest, an orc wizard and an orc.

Vanquished Creatures
  A scorpion (D:4)
  A bullfrog zombie (D:5)
  2 orc priests
  An orc wizard (D:1)
  8 adders
  3 gnolls (D:4)
  A dart slug (D:1)
  3 worms
  13 orcs
  6 endoplasms
  8 giant cockroaches
  13 goblins
  12 hobgoblins
  8 jackals
  5 quokkas
  9 ball pythons
  9 bats
  A frilled lizard (D:1)
  12 kobolds
  A quokka skeleton (D:4)
  2 rats
119 creatures vanquished.

Vanquished Creatures (others)
  25 plants (D:4)
25 creatures vanquished.

Grand Total: 144 creatures vanquished

Notes
Turn   | Place    | Note
-------+----------+-------------------------------------------
     0 | D:1      | speeev33 the Hill Orc Fighter began the quest for the Orb.
     0 | D:1      | Reached XP level 1. HP: 19/19 MP: 1/1
   146 | D:1      | Reached XP level 2. HP: 27/27 MP: 2/2
   179 | D:1      | Found Taidoc's Weapon Shop.
   301 | D:1      | Reached XP level 3. HP: 27/33 MP: 3/3
  1133 | D:1      | Reached XP level 4. HP: 34/41 MP: 4/4
  1497 | D:2      | Reached XP level 5. HP: 47/47 MP: 5/5
  1497 | D:2      | Found a faded altar of an unknown god.
  1988 | D:3      | Found an opulent altar of Gozag.
  2861 | D:4      | Reached skill level 5 in Fighting
  2870 | D:4      | Reached XP level 6. HP: 34/56 MP: 6/6
  3134 | D:4      | Found Sarasu's Gadget Gallery.
  3171 | D:4      | Found a radiant altar of Vehumet.
  3385 | D:4      | Reached skill level 5 in Axes
  3886 | D:5      | Entered Level 5 of the Dungeon
  3906 | D:5      | Identified a scroll of acquirement
  3918 | D:5      | Reached skill level 5 in Armour
  3918 | D:5      | Reached skill level 5 in Shields
  4068 | D:5      | Killed from afar by an orc priest

Illustrated notes

Levels and vault maps discovered:
D:1:      minmay_arrival_four_circles, layout_rooms, serial_shops, shop_statue
D:2:      layout_rooms, hellmonk_ecumenical_altar_crossroads, minmay_tromino_i2
D:3:      layout_loops_cross, grunt_gozag_statues
D:4:      cheibrodos_greedy_goblins, layout_basic, nicolae_vehumet_radiance,
          skrybe_limestone_x, serial_bayou_lagoon_a, nicolae_shop_gadgets
D:5:      layout_cave_pools, lemuel_coloured_pillars_altar

Skill      XL: |  1  2  3  4  5  6 |
---------------+-------------------+-----
Axes           | 3 4 5 |  5.1
Fighting       | 4 5 |  5.5
Armour         | 4 5 |  5.0
Shields        | 4 5 |  5.0

Action                   |  1- 3 |  4- 6 || total
-------------------------+-------+-------++-------
Melee: War axe           |    64 |   235 ||   299
  Use: Scroll            |     5 |     6 ||    11
       Potion            |       |     2 ||     2
Armor: Scale mail        |    40 |   153 ||   193
       Plate armour      |       |    15 ||    15
Dodge: Dodged            |    25 |    83 ||   108
Block: Kite shield       |    61 |   144 ||   205
